| TOP OF THE 1ST |
|
St. Louis Cardinals batting - Pitching for Minnesota Twins : LHP Jim Storer
|
|
Pitching: LHP Jim Storer
|
|
|
Batting: RHB Mike Bates
|
0-0: Called Strike 0-1: Ground out 6-3 (Groundball, 6, EV 76.2 MPH)
|
|
Batting: RHB Melvin Enriquez
|
0-0: Foul Ball, location: 2F 0-1: Fly out, F8 (Line Drive, 8RM, EV 93.1 MPH)
|
|
Batting: SHB Antoine Roux
|
0-0: Fly out, F7 (Flyball, 78D, EV 106.9 MPH)
|
| Top of the 1st over - 0 runs, 0 hits, 0 errors, 0 left on base; St. Louis 0 - Minnesota 0 |
| BOTTOM OF THE 1ST |
|
Minnesota Twins batting - Pitching for St. Louis Cardinals : LHP Danny Rivera
|
|
Pitching: LHP Danny Rivera
|
|
|
Batting: LHB Ryan Flynn Jr.
|
0-0: Called Strike 0-1: Ball 1-1: Foul Ball, location: 2F 1-2: SINGLE (Groundball, 25, EV 72.5 MPH) (infield hit)
|
|
Batting: SHB Manny Molina
|
0-0: Called Strike 0-1: Foul Ball, location: 2F 0-2: Foul Ball, location: 2F 0-2: Ball 1-2: Ball 2-2: Foul Ball, location: 2F 2-2: Foul Ball, location: 2F 2-2: Ball 3-2: Grounds into double play, 3-6-1 (Groundball, 3S, EV 79.4 MPH)
|
|
Batting: RHB Greg Harman
|
0-0: Ball 1-0: Foul Ball, location: 2F 1-1: Ball 2-1: Ball 3-1: Base on Balls
|
|
Batting: RHB Miguel Gonzalez
|
0-0: Ball 1-0: Ball 2-0: DOUBLE (Flyball, 8RXD, EV 107.5 MPH) Greg Harman to third Runner from 3rd tries for Home, SAFE, throw by CF to trailing runner, SAFE at third!
|
|
Batting: RHB Matt Dunn
|
0-0: Foul Ball, location: 2F 0-1: Ball 1-1: Ball 2-1: Swinging Strike 2-2: Ball 3-2: 2-RUN HOME RUN (Flyball, 9D, EV 98.1 MPH), Distance : 396 ft
|
|
Batting: LHB Ricardo Batista
|
0-0: Called Strike 0-1: Fly out, F3 (Popup, 3S, EV 71.2 MPH)
|
| Bottom of the 1st over - 3 runs, 3 hits, 0 errors, 0 left on base; St. Louis 0 - Minnesota 3 |
| TOP OF THE 2ND |
|
St. Louis Cardinals batting - Pitching for Minnesota Twins : LHP Jim Storer
|
|
Batting: RHB Danny Gallo
|
0-0: Ball 1-0: Ball 2-0: Ball 3-0: Base on Balls
|
|
Batting: LHB Ichiro Toyota
|
0-0: Called Strike 0-1: Called Strike 0-2: Strikes out swinging
|
|
Batting: SHB Chris Blue
|
0-0: Foul Ball, location: 2F 0-1: SINGLE (Line Drive, 6MD, EV 99.4 MPH) Danny Gallo to second
|
|
Batting: SHB Jason Kirby
|
0-0: Grounds out, U3 (Groundball, 3L, EV 79.4 MPH) Danny Gallo to third
|
|
Batting: LHB Pat Sutton
|
0-0: Called Strike 0-1: Ball 1-1: Fly out, F4 (Popup, 4, EV 73.8 MPH)
|
| Top of the 2nd over - 0 runs, 1 hit, 0 errors, 2 left on base; St. Louis 0 - Minnesota 3 |
| BOTTOM OF THE 2ND |
|
Minnesota Twins batting - Pitching for St. Louis Cardinals : LHP Danny Rivera
|
|
Batting: RHB Alex Sandoval
|
0-0: Ground out 4-3 (Groundball, 4, EV 99.4 MPH)
|
|
Batting: LHB Harris Vink
|
0-0: Ball 1-0: Ball 2-0: Called Strike 2-1: Foul Ball, location: 2F 2-2: Strikes out swinging
|
|
Batting: LHB Chaim Huting
|
0-0: Swinging Strike 0-1: Ground out 1-3 (Groundball, 13S, EV 70.0 MPH)
|
| Bottom of the 2nd over - 0 runs, 0 hits, 0 errors, 0 left on base; St. Louis 0 - Minnesota 3 |
| TOP OF THE 3RD |
|
St. Louis Cardinals batting - Pitching for Minnesota Twins : LHP Jim Storer
|
|
Batting: LHB Armando Carbajal
|
0-0: Ball 1-0: Ball 2-0: Called Strike 2-1: Fly out, F7 (Flyball, 7S, EV 87.5 MPH)
|
|
Batting: RHB Mike Bates
|
0-0: Called Strike 0-1: Ball 1-1: Swinging Strike 1-2: Ball 2-2: Strikes out swinging
|
|
Batting: RHB Melvin Enriquez
|
0-0: Swinging Strike 0-1: Ball 1-1: Foul Ball, location: 2F 1-2: Fly out, F8 (Line Drive, 8RS, EV 99.4 MPH)
|
| Top of the 3rd over - 0 runs, 0 hits, 0 errors, 0 left on base; St. Louis 0 - Minnesota 3 |
| BOTTOM OF THE 3RD |
|
Minnesota Twins batting - Pitching for St. Louis Cardinals : LHP Danny Rivera
|
|
Batting: LHB Ryan Flynn Jr.
|
0-0: Fly out, F8 (Line Drive, 78M, EV 91.9 MPH)
|
|
Batting: SHB Manny Molina
|
0-0: Ball 1-0: Ball 2-0: Foul Ball, location: 2F 2-1: Ball 3-1: Swinging Strike 3-2: Strikes out swinging
|
|
Batting: RHB Greg Harman
|
0-0: Ball 1-0: Swinging Strike 1-1: Ball 2-1: Called Strike 2-2: Foul Ball, location: 2F 2-2: Fly out, F8 (Flyball, 8RM, EV 80.6 MPH)
|
| Bottom of the 3rd over - 0 runs, 0 hits, 0 errors, 0 left on base; St. Louis 0 - Minnesota 3 |
| TOP OF THE 4TH |
|
St. Louis Cardinals batting - Pitching for Minnesota Twins : LHP Jim Storer
|
|
Batting: SHB Antoine Roux
|
0-0: Called Strike 0-1: Ball 1-1: SINGLE (Line Drive, 9LS, EV 102.5 MPH)
|
|
Batting: RHB Danny Gallo
|
0-0: Ball 1-0: Ball 2-0: Ball 3-0: Called Strike 3-1: Base on Balls Antoine Roux to second
|
|
Batting: LHB Ichiro Toyota
|
0-0: Swinging Strike 0-1: Foul Ball, location: 2F 0-2: Strikes out swinging
|
|
Batting: SHB Chris Blue
|
0-0: Swinging Strike 0-1: Ball 1-1: Called Strike 1-2: Ball 2-2: Ball 3-2: Strikes out looking
|
|
Batting: SHB Jason Kirby
|
0-0: Ball 1-0: Called Strike 1-1: Ball 2-1: Foul Ball, location: 2F 2-2: Ball 3-2: Strikes out looking
|
| Top of the 4th over - 0 runs, 1 hit, 0 errors, 2 left on base; St. Louis 0 - Minnesota 3 |
| BOTTOM OF THE 4TH |
|
Minnesota Twins batting - Pitching for St. Louis Cardinals : LHP Danny Rivera
|
|
Batting: RHB Miguel Gonzalez
|
0-0: Ball 1-0: Called Strike 1-1: Foul Ball, location: 2F 1-2: Foul Ball, location: 2F 1-2: Foul Ball, location: 2F 1-2: Ball 2-2: Ball 3-2: Base on Balls
|
|
Batting: RHB Matt Dunn
|
0-0: Ball 1-0: Called Strike 1-1: Foul Ball, location: 2F 1-2: Strikes out swinging
|
|
Batting: LHB Ricardo Batista
|
0-0: Ball 1-0: Ball Miguel Gonzalez is caught stealing 2nd base 2-6 2-0: Called Strike 2-1: Ball 3-1: Called Strike 3-2: Foul Ball, location: 2F 3-2: Foul Ball, location: 2F 3-2: Foul Ball, location: 2F 3-2: Fly out, F8 (Flyball, 8RXD, EV 90.6 MPH)
|
| Bottom of the 4th over - 0 runs, 0 hits, 0 errors, 0 left on base; St. Louis 0 - Minnesota 3 |
| TOP OF THE 5TH |
|
St. Louis Cardinals batting - Pitching for Minnesota Twins : LHP Jim Storer
|
|
Batting: LHB Pat Sutton
|
0-0: Ground out 4-3 (Groundball, 4, EV 80.0 MPH)
|
|
Batting: LHB Armando Carbajal
|
0-0: Ball 1-0: Ball 2-0: Hit by Pitch
|
|
Batting: RHB Mike Bates
|
0-0: Ball 1-0: SINGLE (Groundball, 34, EV 93.8 MPH) Armando Carbajal to second Runner from 2nd tries for 3rd, SAFE, throw by RF made to third
|
|
Batting: RHB Melvin Enriquez
|
0-0: Ground out 5-3 (Groundball, 56S, EV 61.9 MPH) Armando Carbajal scores Mike Bates to second
|
|
Batting: SHB Antoine Roux
|
0-0: Called Strike 0-1: Ball 1-1: Ball 2-1: Ground out 6-3 (Groundball, 6, EV 85.6 MPH)
|
| Top of the 5th over - 1 run, 1 hit, 0 errors, 1 left on base; St. Louis 1 - Minnesota 3 |
| BOTTOM OF THE 5TH |
|
Minnesota Twins batting - Pitching for St. Louis Cardinals : LHP Danny Rivera
|
|
Batting: RHB Alex Sandoval
|
0-0: Called Strike 0-1: Ball 1-1: Ball 2-1: Called Strike 2-2: Ball 3-2: Base on Balls
|
|
Batting: LHB Harris Vink
|
0-0: Ground out 4-3 (Groundball, 4S, EV 75.0 MPH) Alex Sandoval to second
|
|
Batting: LHB Chaim Huting
|
0-0: Called Strike 0-1: Ball 1-1: Foul Ball, location: 2F 1-2: Ball 2-2: Strikes out swinging
|
|
Batting: LHB Ryan Flynn Jr.
|
0-0: Called Strike 0-1: Ball 1-1: Fly out, F7 (Flyball, 78D, EV 93.1 MPH)
|
| Bottom of the 5th over - 0 runs, 0 hits, 0 errors, 1 left on base; St. Louis 1 - Minnesota 3 |
| TOP OF THE 6TH |
|
St. Louis Cardinals batting - Pitching for Minnesota Twins : LHP Jim Storer
|
|
Batting: RHB Danny Gallo
|
0-0: Called Strike 0-1: Ball 1-1: Foul Ball, location: 2F 1-2: Foul Ball, location: 2F 1-2: Strikes out swinging
|
|
Batting: LHB Ichiro Toyota
|
0-0: Ball 1-0: Ball 2-0: Foul Ball, location: 2F 2-1: Fly out, F4 (Line Drive, 4, EV 64.4 MPH)
|
|
Batting: SHB Chris Blue
|
0-0: Swinging Strike 0-1: Called Strike 0-2: Ball 1-2: Foul Ball, location: 2F 1-2: Ball 2-2: Fly out, F9 (Flyball, 9D, EV 85.0 MPH)
|
| Top of the 6th over - 0 runs, 0 hits, 0 errors, 0 left on base; St. Louis 1 - Minnesota 3 |
| BOTTOM OF THE 6TH |
|
Minnesota Twins batting - Pitching for St. Louis Cardinals : LHP Danny Rivera
|
|
Batting: SHB Manny Molina
|
0-0: Ball 1-0: Foul Ball, location: 2F 1-1: Ground out 6-3 (Groundball, 6, EV 107.5 MPH)
|
|
Batting: RHB Greg Harman
|
0-0: Ball 1-0: Ball 2-0: Ball 3-0: Base on Balls
|
|
Batting: RHB Miguel Gonzalez
|
0-0: Ball 1-0: Foul Ball, location: 2F 1-1: Ball 2-1: Ball 3-1: Swinging Strike 3-2: Foul Ball, location: 2F 3-2: Fly out, F9 (Flyball, 9D, EV 77.5 MPH) Runner from 1st tags up, SAFE at 2nd
|
|
Batting: RHB Matt Dunn
|
0-0: Intentional Walk
|
|
Pitching: RHP Jaylin Green
|
|
|
Batting: LHB Ricardo Batista
|
0-0: Ball 1-0: Foul Ball, location: 2F 1-1: Ball 2-1: Ball 3-1: Called Strike 3-2: DOUBLE (Flyball, 8RXD, EV 97.5 MPH) Greg Harman scores Matt Dunn to third Matt Dunn scores
|
|
Batting: RHB Alex Sandoval
|
0-0: Called Strike 0-1: Fly out, F8 (Line Drive, 8LD, EV 93.1 MPH)
|
| Bottom of the 6th over - 2 runs, 1 hit, 0 errors, 1 left on base; St. Louis 1 - Minnesota 5 |
| TOP OF THE 7TH |
|
St. Louis Cardinals batting - Pitching for Minnesota Twins : LHP Jim Storer
|
|
Batting: SHB Jason Kirby
|
0-0: Ball 1-0: Foul Ball, location: 2F 1-1: Swinging Strike 1-2: Strikes out swinging
|
|
Batting: LHB Pat Sutton
|
0-0: Foul Ball, location: 2F 0-1: Foul Ball, location: 2F 0-2: Foul Ball, location: 2F 0-2: Strikes out swinging
|
|
Batting: LHB Armando Carbajal
|
0-0: Called Strike 0-1: Ball 1-1: Fly out, F2 (Popup, 13S, EV 93.1 MPH)
|
| Top of the 7th over - 0 runs, 0 hits, 0 errors, 0 left on base; St. Louis 1 - Minnesota 5 |
| BOTTOM OF THE 7TH |
|
Minnesota Twins batting - Pitching for St. Louis Cardinals : RHP Jaylin Green
|
|
Batting: LHB Harris Vink
|
0-0: Swinging Strike 0-1: Ball 1-1: Foul Ball, location: 2F 1-2: Ball 2-2: Fly out, F8 (Flyball, 89M, EV 90.6 MPH)
|
|
Batting: LHB Chaim Huting
|
0-0: Called Strike 0-1: Swinging Strike 0-2: Fly out, F9 (Flyball, 89M, EV 90.0 MPH)
|
|
Batting: LHB Ryan Flynn Jr.
|
0-0: Called Strike 0-1: Hit by Pitch
|
|
Batting: SHB Manny Molina
|
0-0: Called Strike 0-1: Ball 1-1: Foul Ball, location: 2F 1-2: Ball Ryan Flynn Jr. steals 2nd base (no throw) 2-2: Foul Ball, location: 2F 2-2: Ball 3-2: Ground out 5-3 (Groundball, 5S, EV 66.2 MPH)
|
| Bottom of the 7th over - 0 runs, 0 hits, 0 errors, 1 left on base; St. Louis 1 - Minnesota 5 |
| TOP OF THE 8TH |
|
St. Louis Cardinals batting - Pitching for Minnesota Twins : LHP Jim Storer
|
|
Batting: RHB Mike Bates
|
0-0: Foul Ball, location: 2F 0-1: Foul Ball, location: 2F 0-2: Ball 1-2: Fly out, F8 (Flyball, 78XD, EV 106.9 MPH)
|
|
Pitching: LHP Inkei Wakamatsu
|
|
|
Batting: RHB Melvin Enriquez
|
0-0: Ball 1-0: Called Strike 1-1: Ball 2-1: Swinging Strike 2-2: Foul Ball, location: 2F 2-2: Ball 3-2: Strikes out swinging
|
|
Batting: SHB Antoine Roux
|
0-0: Called Strike 0-1: Swinging Strike 0-2: Foul Ball, location: 2F 0-2: Ball 1-2: Ball 2-2: Fly out, F9 (Flyball, 9, EV 81.9 MPH)
|
| Top of the 8th over - 0 runs, 0 hits, 0 errors, 0 left on base; St. Louis 1 - Minnesota 5 |
| BOTTOM OF THE 8TH |
|
Minnesota Twins batting - Pitching for St. Louis Cardinals : RHP Jaylin Green
|
|
Batting: RHB Greg Harman
|
0-0: Called Strike 0-1: Ball 1-1: Ball 2-1: Ball 3-1: Foul Ball, location: 2F 3-2: Base on Balls
|
|
Batting: RHB Miguel Gonzalez
|
0-0: Ball Greg Harman steals 2nd base 1-0: Intentional Walk
|
|
Batting: RHB Matt Dunn
|
0-0: Called Strike 0-1: Grounds into double play, 4-6-3 (Groundball, 4, EV 87.5 MPH) Greg Harman to third
|
|
Batting: LHB Ricardo Batista
|
0-0: Intentional Walk
|
|
Batting: RHB Alex Sandoval
|
0-0: Foul Ball, location: 2F 0-1: Ball 1-1: Swinging Strike 1-2: Strikes out swinging
|
| Bottom of the 8th over - 0 runs, 0 hits, 0 errors, 2 left on base; St. Louis 1 - Minnesota 5 |
| TOP OF THE 9TH |
|
St. Louis Cardinals batting - Pitching for Minnesota Twins : LHP Inkei Wakamatsu
|
|
Batting: RHB Danny Gallo
|
0-0: Swinging Strike 0-1: Ball 1-1: Ball 2-1: Foul Ball, location: 2F 2-2: Ball 3-2: Foul Ball, location: 2F 3-2: Foul Ball, location: 2F 3-2: Strikes out looking
|
|
Batting: LHB Ichiro Toyota
|
0-0: Swinging Strike 0-1: Called Strike 0-2: Foul Ball, location: 2F 0-2: Ball 1-2: Ball 2-2: Strikes out looking
|
|
Batting: SHB Chris Blue
|
0-0: Ball 1-0: Fly out, F6 (Popup, 6MS, EV 66.9 MPH)
|
| Top of the 9th over - 0 runs, 0 hits, 0 errors, 0 left on base; St. Louis 1 - Minnesota 5 |
|